 Dungeon Crawl Stone Soup version 0.17-a0-764-gd40c196 (webtiles) character file.

2291915 panicbit the Axe Maniac (level 27, 234/273 HPs)
             Began as a Minotaur Fighter on Apr 22, 2015.
             Was a High Priest of Okawaru.
             Escaped with the Orb
             ... and 4 runes on Apr 23, 2015!
             The game lasted 08:58:22 (75914 turns).

panicbit the Axe Maniac (Minotaur Fighter)         Turns: 75914, Time: 08:58:22

Health: 234/273    AC: 40    Str: 24      XL:     27
Magic:  27/27      EV: 22    Int:  5 (6)  God:    Okawaru [*****.]
Gold:   4461       SH: 24    Dex: 13      Spells: 1 memorised, 25 levels left

rFire  . . .     SeeInvis +     O - +9 broad axe (chop)
rCold  . . .     Clarity  +     A - +9 plate armour "Cavojalo" {rElec rN+ MR+ Regen+}
rNeg   + + .     SustAb   .     c - +5 shield
rPois  +         Gourm    .     (helmet restricted)
rElec  +         Spirit   .     R - +2 cloak {+Inv}
rCorr  +         Warding  .     W - +0 pair of gloves of Inevitability {Contam rPois rCorr SInv}
rMut   +         Rnd*Tele +     K - +2 pair of boots of the Land of Plenty {Stlth+}
MR     ++++.                    X - amulet of resist mutation
Stlth  ..........               u - +6 ring of evasion
                                h - ring of positive energy

@: very slightly contaminated, incredibly resistant to hostile enchantments,
extremely unstealthy
A: retaliatory headbutt, horns 2, blurry vision 1, clarity, clumsy 2,
deterioration 1, low mp 2, magic resistance 1, teleportitis 1, weak 1, no device
heal 1
a: Heroism, Finesse, Renounce Religion, Evoke Invisibility
0: Orb of Zot
}: 4/15 runes: barnacled, slimy, silver, gossamer


You escaped.
You worshipped Okawaru.
Okawaru was extremely pleased with you.
You were full.

You visited 10 branches of the dungeon, and saw 61 of its levels.
You visited the Abyss 1 time.
You also visited: Trove, Bailey and Ice Cave.

You collected 10095 gold pieces.
You spent 5634 gold pieces at shops.

Inventory:

Hand weapons
 O - a +9 broad axe of chopping (weapon)
 T - the +10 morningstar of Bodily Humours {crush, rElec rPois MP+9 Int-2}
   (Okawaru gifted it to you on level 5 of the Vaults)

   It inflicts extra damage upon your enemies.
   It affects your intelligence (-2).
   It insulates you from electricity.
   It protects you from poison.
   It affects your magic capacity (+9).
Armour
 c - a +5 shield (worn)
 A - the +9 plate armour "Cavojalo" (worn) {rElec rN+ MR+ Regen+}
   (Okawaru gifted it to you on level 2 of the Spider Nest)

   It insulates you from electricity.
   It protects you from negative energy.
   It affects your resistance to hostile enchantments.
   It increases your rate of regeneration.
 K - the +2 pair of boots of the Land of Plenty (worn) {Stlth+}
   (Okawaru gifted it to you on level 4 of the Orcish Mines)

   It makes you more stealthy.
 R - a +2 cloak of invisibility (worn)
 V - the +5 plate armour "Astress" {rF++ Str+4}
   (You found it on level 12 of the Dungeon)

   It affects your strength (+4).
   It greatly protects you from fire.
 W - the +0 pair of gloves of Inevitability (worn) {Contam rPois rCorr SInv}
   (Okawaru gifted it to you on level 7 of the Lair of Beasts)

   It protects you from poison.
   It enhances your eyesight.
   It causes magical contamination when unequipped.
   It protects you from acid and corrosion.
Jewellery
 h - a ring of positive energy (left hand)
 q - the amulet "Husen" {rCorr MR++}
   (You found it on level 5 of the Vaults)

   [amulet of resist corrosion]

   It protects you from acid and corrosion.
   It affects your resistance to hostile enchantments.
 r - an uncursed amulet of warding
 u - a +6 ring of evasion (right hand)
 v - the ring of Toexzo {Ice Str+4 Int+3 Dex+3 SInv}
   (You bought it in a shop on level 1 of the Orcish Mines)

   [ring of ice]

   It enhances your ice magic, and weakens your fire magic.
   It affects your strength (+4).
   It affects your intelligence (+3).
   It affects your dexterity (+3).
   It makes you vulnerable to fire.
   It protects you from cold.
   It enhances your eyesight.
 x - an uncursed amulet of stasis
 z - an uncursed ring of protection from magic
 C - an uncursed ring of protection from fire
 D - an uncursed ring of positive energy
 F - an uncursed ring of protection from cold
 N - an uncursed ring of flight
 X - an amulet of resist mutation (around neck)
Magical devices
 s - a wand of digging (4)
Scrolls
 a - 7 scrolls of identify
 b - 2 scrolls of holy word
 g - 9 scrolls of fear
 j - 27 scrolls of remove curse
 l - 17 scrolls of teleportation
 o - 3 scrolls of summoning
 w - 11 scrolls of fog
 I - 7 scrolls of blinking
 J - 7 scrolls of magic mapping
 L - 3 scrolls of enchant armour
 Q - 6 scrolls of recharging
 U - 2 scrolls of enchant weapon
 Y - 3 scrolls of silence
Potions
 d - 12 potions of might
 f - 2 potions of heal wounds
 i - 4 potions of resistance
 m - 18 potions of curing
 n - 3 potions of lignification
 t - a potion of brilliance
 y - a potion of flight
 E - a potion of invisibility
 G - 6 potions of agility
 H - 3 potions of restore abilities
 P - 5 potions of magic
Comestibles
 e - 41 bread rations
 M - 15 meat rations


   Skills:
 O Level 27 Fighting
 O Level 27 Axes
 + Level 3.5(19.0) Maces & Flails
 + Level 25.0 Armour
 + Level 17.5 Dodging
 + Level 6.0 Stealth
 O Level 27 Shields
 + Level 0.1 Spellcasting
 + Level 16.2 Invocations
 + Level 2.0 Evocations


You had 25 spell levels left.
You knew the following spells:

 Your Spells              Type           Power        Failure   Level  Hunger
a - Apportation           Tloc           #.........   99%         1    ##.....


Dungeon Overview and Level Annotations

Branches:
Dungeon (15/15)            Temple (0/1) D:6            Lair (8/8) D:8
 Shoals (5/5) Lair:6       Spider (5/5) Lair:6        Slime (6/6) Lair:6
    Orc (4/4) D:12            Elf (3/3) Orc:3        Vaults (5/5) D:14
  Crypt (0/3) Vaults:2     Depths (5/5) D:15            Zot (5/5) Depths:5

Altars:
Cheibriados
Elyvilon
Makhleb
Okawaru
Sif Muna
Trog
Vehumet
Xom
Yredelemnul
The Shining One
Beogh
Jiyva

Shops:
D:12 :   Orc:1 =%   Orc:4 }*(?   Elf:2 :   Shoals:3 (   Vaults:1 =   Vaults:3 ?
Depths:1 (   Depths:2 }   Depths:3 (!!!!   Depths:5 :

Portals:
Hell: Depths:1 Depths:2 Depths:3 Depths:4 Depths:5
Abyss: Depths:2 Depths:4
Pandemonium: Orc:4 Depths:3
Ziggurat: Depths:5

Annotations:
D:4 Grinder
D:7 ZiggyStardust's ghost, experienced OgEE


Innate Abilities, Weirdness & Mutations

You reflexively headbutt those who attack you in melee.
You have a pair of horns on your head.
Scrolls take you a little longer to read.
You possess an exceptional clarity of mind.
You are very clumsy. (Dex -4)
Your body is slowly deteriorating.
Your magical capacity is very low (-20% MP).
You are resistant to hostile enchantments.
You are occasionally teleported to nearby monsters.
You are weak. (Str -2)
Potions and wands are less effective at restoring your health.


Message History

You slice the Executioner!! Your headbutt misses the Executioner.
The Executioner is severely wounded.
The Executioner hits you but does no damage.
You block the Executioner's attack.
The Executioner hits you but does no damage.
You block the Executioner's attack. x2
The Executioner closely misses you.
You slash the Executioner!
The Executioner is almost dead.
The Executioner hits you but does no damage.
You block the Executioner's attack. The Executioner misses you.
You block the Executioner's attack.
The Executioner hits you but does no damage.
You block the Executioner's attack.
You slice the Executioner!!
You kill the Executioner!
Okawaru accepts your kill.
Your Armour skill increases to level 25!
A sixfirhy comes into view.
You have escaped!

###############
#.#.#.#.#.#.#.#
#'#'#'#'#'#'#'#
####.#.#.#.#.#.#.####
#####
#.'.......@4......'.#
#....
####.#.#.#5#.#.#.####
#.... #'#'#'#'#'#'#'#
#.... #.#.#.#.#.#.#.#
#.... #######.#######
##.... #.......#
#...## #.#.###.# #...#
#.#.###.#########...##
#..>....5.............


You could see a sixfirhy and a crimson imp.

Vanquished Creatures
  the royal jelly (Slime:6)
  4 ancient liches
  7 orbs of fire
  4 Killer Klowns
  4 curse toes
  A caustic shrike (Depths:4)
  7 golden dragons
  Nikola (Elf:1)
  A profane servitor (Abyss:1)
  4 bone dragons (Abyss:1)
  3 electric golems
  2 Hell Sentinels (Abyss:1)
  25 Orb Guardians (Zot:5)
  19 tentacled monstrosities
  9 liches
  2 deep elf blademasters (Elf:3)
  26 acid blobs
  A quicksilver dragon (Vaults:5)
  2 deep elf master archers (Elf:3)
  5 tentacled starspawn (Abyss:1)
  4 titans
  Polyphemus (Shoals:5)
  An octopode crusher (Depths:3)
  4 krakens
  4 sphinxes
  12 shadow dragons
  An Executioner (D:1)
  Frances (Elf:1)
  11 storm dragons
  5 tengu reavers
  9 fire giants
  A revenant (Abyss:1)
  13 azure jellies
  8 draconian monks
  Ilsuiw (Shoals:5)
  Wiglaf (Spider:3)
  6 ghost moths
  Donald (Vaults:2)
  2 draconian knights
  12 deep elf sorcerers
  6 iron dragons
  12 frost giants
  13 vault wardens
  An orc warlord (Depths:2)
  Aizul (Shoals:3)
  3 draconian scorchers (Zot:3)
  5 draconian zealots
  3 draconian shifters
  2 cacodemons
  5 emperor scorpions
  3 war gargoyles (Vaults:5)
  An angel (Abyss:1)
  20 ironheart preservers
  4 draconian annihilators
  A spriggan defender (Depths:4)
  13 very ugly things
  15 rakshasas
  10 deep elf demonologists
  8 draconian callers
  3 reapers (Abyss:1)
  26 stone giants
  3 vampire knights (Depths:4)
  Nessos (Lair:5)
  A lorocyproca (Abyss:1)
  9 green draconians
  6 purple draconians
  7 black draconians
  15 mottled draconians
  9 white draconians
  7 deep elf annihilators
  13 red draconians
  10 yellow draconians
  3 eidola
  Snorg (D:10)
  2 blizzard demons
  5 deep elf death magi
  5 merfolk javelineers
  19 ettins
  35 vault guards
  A green death (Abyss:1)
  13 fire dragons
  10 merfolk impalers
  A hell beast (Elf:3)
  2 jiangshi (Depths:2)
  9 death cobs
  6 entropy weavers
  15 death oozes
  5 hydras
  5 deep elf high priests
  Harold (Lair:4)
  27 ice dragons
  23 yaktaur captains
  5 spriggan air magi
  2 catoblepae
  11 centaur warriors
  13 great orbs of eyes
  23 ogre magi
  4 merfolk avatars
  Erica (Orc:1)
  4 satyrs
  The ghost of nago the Spear-Bearer, an experienced NaWn of Makhleb (D:10)
  A catoblepas (shapeshifter) (Depths:4)
  10 merfolk aquamancers
  16 dancing weapons
  2 alligator snapping turtles (Shoals:5)
  An alligator (shapeshifter) (Vaults:4)
  8 tengu warriors
  10 death yaks
  12 deep troll earth magi
  4 vampire magi
  5 hell hogs (Abyss:1)
  7 deep troll shamans
  6 spriggan berserkers
  A shock serpent (shapeshifter) (Vaults:5)
  8 orc high priests
  3 fire crabs
  3 thrashing horrors (Abyss:1)
  A fire crab (shapeshifter) (Vaults:5)
  5 wretched stars (Abyss:1)
  2 shadow wraiths
  4 iron trolls
  3 sun demons
  12 deep elf knights
  3 ice devils
  14 sea snakes
  A gelid demonspawn (Depths:3)
  7 skeletal warriors
  4 spatial maelstroms (Abyss:1)
  2 unseen horrors (shapeshifter)
  The ghost of namelastname112 the Transmogrifier, an experienced FeTm of Sif Muna (Lair:1)
  The ghost of xeno23 the Chiller, an experienced MfIE of Vehumet (D:8)
  An infernal demonspawn (Orc:4)
  A swamp dragon (shapeshifter) (Depths:4)
  3 giant orange brains
  5 unseen horrors
  A torturous demonspawn (Orc:4)
  An ice statue (Lair:3)
  A death drake (Zot:3)
  4 flayed ghosts
  10 hill giants
  2 harpies (shapeshifter)
  20 deep elf summoners
  A putrid demonspawn (Orc:4)
  21 deep trolls
  A shadow demon (Abyss:1)
  19 deep elf conjurers
  6 wolf spider zombies (Spider:4)
  4 phantasmal warriors
  15 harpies
  22 ironbrand convokers
  2 human zombies (Vaults:3)
  15 orb spiders
  22 orc knights
  3 deathcaps (Zot:4)
  28 ugly things
  A fire giant zombie (Depths:1)
  2 draconian zombies (Zot:1)
  3 wizards
  23 small abominations
  4 fauns
  A stone giant zombie (D:15)
  4 cyclopes
  13 manticores
  6 necromancers
  A frost giant zombie (Abyss:1)
  20 wolf spiders
  9 orc sorcerers
  17 griffons
  19 moths of wrath
  8 shining eyes
  14 elephants
  2 black mambas
  2 drowned souls (Shoals:5)
  An iron dragon skeleton (Vaults:5)
  13 hornets
  5 water nymphs
  6 rust devils
  Maurice (D:8)
  2 worldbinders (Abyss:1)
  A black mamba (shapeshifter) (Vaults:1)
  4 orange demons
  9 sirens
  6 sixfirhies
  An eye of devastation (shapeshifter) (Vaults:5)
  18 vault sentinels
  A fire giant skeleton (Depths:1)
  2 stone giant skeletons
  3 eyes of devastation
  A frost giant skeleton (Vaults:3)
  9 smoke demons
  5 kobold demonologists
  An elf zombie (D:15)
  2 spiny frogs (shapeshifter)
  2 torpor snails
  2 naga magi (Vaults:2)
  2 gargoyles
  38 large abominations
  20 spiny frogs
  A komodo dragon (shapeshifter) (Depths:4)
  47 yaktaurs
  A yellow draconian zombie (Zot:1)
  2 hellions
  A blue devil (Vaults:5)
  8 freezing wraiths
  A yaktaur skeleton (Vaults:3)
  17 demonic crawlers
  5 tengu conjurers
  A fire drake (shapeshifter) (Vaults:3)
  2 hellwings (Orc:4)
  A hydra zombie (Abyss:1)
  7 komodo dragons
  7 ancient zymes (Abyss:1)
  7 efreet
  16 deep elf priests
  48 merfolk
  5 fire drakes
  A red devil (Elf:3)
  A jumping spider (shapeshifter) (Elf:1)
  30 two-headed ogres
  7 trolls
  20 jumping spiders
  A polar bear (shapeshifter) (Vaults:5)
  A tormentor (Zot:4)
  11 wandering mushrooms
  4 boulder beetles
  A blink frog (shapeshifter) (Depths:4)
  Prince Ribbit (D:8)
  22 polar bears
  A raven (shapeshifter) (Vaults:1)
  A hornet zombie (D:15)
  9 tarantella zombies (Spider:4)
  30 blink frogs
  3 giant leeches (Lair:8)
  7 raiju (Abyss:1)
  18 ravens
  6 wind drakes
  133 slime creatures
  An ettin zombie (Vaults:3)
  An ice dragon zombie (Depths:1)
  A trapdoor spider zombie (D:14)
  10 snapping turtles
  A baby alligator (shapeshifter) (D:13)
  2 vampires
  35 tarantellas
  A fire dragon skeleton (Abyss:1)
  9 ynoxinuls
  Sigmund (D:4)
  4 air elementals
  A flying skull (Abyss:1)
  An elf skeleton (Vaults:5)
  11 trapdoor spiders
  64 yaks
  A centaur simulacrum (D:13)
  5 spriggans
  21 water elementals
  33 deep elf fighters
  A human (shapeshifter) (Vaults:1)
  3 wyverns
  2 ettin skeletons
  2 tarantellas (shapeshifter)
  61 redbacks
  4 basilisks
  19 fire elementals (Zot:1)
  A human (Abyss:1)
  A wolf (shapeshifter) (Depths:3)
  8 wraiths
  9 chaos spawn
  2 fire bats
  25 golden eyes
  4 shadows
  31 deep elf magi
  A warg (shapeshifter) (Depths:2)
  A steam dragon (D:13)
  36 vampire mosquitoes
  10 hippogriffs
  2 hungry ghosts
  A warg (D:12)
  7 neqoxecs
  30 wolves
  12 water moccasins
  Edmund (D:4)
  2 insubstantial wisps (Abyss:1)
  A mottled dragon (D:13)
  A soldier ant (shapeshifter) (Vaults:5)
  A soldier ant (D:15)
  5 spatial vortices (Abyss:1)
  62 orc warriors
  11 porcupines
  3 sky beasts
  3 black bears
  17 ice beasts
  2 swamp drakes
  12 boggarts
  2 hell hounds (Abyss:1)
  A phantom (D:3)
  9 wasps
  A necrophage (D:8)
  28 spiders
  A boring beetle (shapeshifter) (Vaults:4)
  14 eyes of draining
  An ettin simulacrum (Vaults:1)
  85 ogres
  6 boring beetles
  16 centaurs
  9 crocodiles
  A brain worm (Abyss:1)
  Blork the orc (D:4)
  5 big kobolds
  47 giant frogs
  A gnoll sergeant (D:6)
  A wyvern zombie (D:15)
  7 spider zombies (Spider:4)
  2 wyvern skeletons
  3 scorpions
  A water moccasin skeleton (D:10)
  4 killer bees (D:9)
  A human simulacrum (Vaults:3)
  19 wights
  6 quasits
  5 electric eels
  34 jellies
  13 crimson imps
  4 iron imps
  5 centaur zombies
  2 gnoll shamans
  7 centaur skeletons
  10 hounds
  36 orc wizards
  30 starcursed masses (Abyss:1)
  A wasp zombie (D:6)
  4 giant frog skeletons
  37 orc priests
  12 iguanas
  Terence (D:3)
  An elf simulacrum (Vaults:3)
  6 worker ants
  16 hell rats
  An ogre zombie (Abyss:1)
  10 sheep
  A hound zombie (D:9)
  4 hound skeletons
  A worker ant zombie (D:8)
  17 gnolls
  39 river rats
  15 adders
  9 shadow imps
  23 white imps
  24 ufetubi
  14 oozes
  3 worms
  7 giant geckos
  238 orcs
  A ball python (D:3)
  A bat zombie (D:8)
  8 giant cockroaches
  21 goblins
  24 hobgoblins
  5 jackals
  5 quokkas
  12 bats
  5 giant newts
  A giant spore (D:12)
  32 kobolds
  A quokka skeleton (D:4)
  17 rats
  3 ballistomycetes
  2 crawling corpses (Vaults:3)
  6 fungi
  13 plants
  3 starspawn tentacles (Abyss:1)
  13 tentacles
  A tentacle segment (Shoals:2)
3541 creatures vanquished.

Vanquished Creatures (others)
  An Orb Guardian (Zot:3)
  2 tengu reavers
  A fire giant (Vaults:5)
  A frost giant (Depths:3)
  A draconian zealot (Zot:5)
  An ironheart preserver (Vaults:4)
  A rakshasa (Depths:4)
  An ice dragon (shapeshifter) (Vaults:5)
  A ball lightning (Vaults:5)
  A deep elf knight (Elf:3)
  A harpy (Shoals:5)
  A wolf spider (Vaults:5)
  An ugly thing (D:14)
  2 drowned souls (Shoals:5)
  A yaktaur (Vaults:3)
  A merfolk (Shoals:4)
  A trapdoor spider (Spider:5)
  A deep elf fighter (Elf:3)
  A vampire mosquito (Vaults:3)
  3 lost souls (Elf:3)
  A giant frog skeleton (D:13)
  An orc wizard (D:13)
  A quokka (D:13)
  A giant spore (D:9)
  A fungus (Depths:4)
  A plant (Depths:4)
  7 starspawn tentacles (Abyss:1)
  50 starspawn tentacle segments (Abyss:1)
  37 tentacles
  876 tentacle segments
1000 creatures vanquished.

Grand Total: 4541 creatures vanquished

Notes
Turn   | Place    | Note
--------------------------------------------------------------
     0 | D:1      | panicbit, the Minotaur Fighter, began the quest for the Orb.
     0 | D:1      | Reached XP level 1. HP: 19/19 MP: 0/0
   111 | D:1      | Reached XP level 2. HP: 20/27 MP: 1/1
   143 | D:1      | Reached skill level 4 in Shields
   598 | D:2      | Reached XP level 3. HP: 33/33 MP: 2/2
  1256 | D:2      | Found a glowing golden altar of the Shining One.
  1441 | D:3      | Reached XP level 4. HP: 40/40 MP: 3/3
  1491 | D:3      | Reached skill level 1 in Dodging
  1573 | D:3      | Noticed Terence
  1582 | D:3      | Killed Terence
  1794 | D:4      | Noticed Edmund
  1808 | D:4      | Killed Edmund
  1808 | D:4      | Reached skill level 5 in Armour
  1808 | D:4      | Reached skill level 5 in Shields
  1808 | D:4      | Reached XP level 5. HP: 40/47 MP: 4/4
  1896 | D:4      | Noticed Grinder
  1901 | D:4      | Paralysed by Grinder for 7 turns
  1909 | D:4      | Paralysed by Grinder for 2 turns
  1927 | D:4      | Paralysed by Grinder for 7 turns
  1958 | D:4      | Paralysed by Grinder for 2 turns
  1983 | D:4      | Noticed a phantom
  2039 | D:3      | Killed a phantom
  2039 | D:3      | Reached XP level 6. HP: 30/53 MP: 5/5
  2260 | D:4      | Found a snail-covered altar of Cheibriados.
  2337 | D:4      | Reached skill level 6 in Armour
  2612 | D:4      | Noticed Blork the orc
  2619 | D:4      | Killed Blork the orc
  2619 | D:4      | Reached XP level 7. HP: 54/60 MP: 6/6
  2680 | D:4      | Noticed Sigmund
  2698 | D:4      | Killed Sigmund
  2698 | D:4      | Reached skill level 5 in Fighting
  2797 | D:4      | Paralysed by Grinder for 5 turns
  2822 | D:4      | Paralysed by Grinder for 5 turns
  3028 | D:5      | Entered Level 5 of the Dungeon
  3089 | D:5      | Reached skill level 7 in Shields
  3099 | D:5      | Reached skill level 5 in Axes
  3277 | D:5      | Reached XP level 8. HP: 61/69 MP: 7/7
  3563 | D:5      | Found an iron altar of Okawaru.
  3570 | D:5      | Became a worshipper of Warmaster Okawaru
  4028 | D:6      | Noticed a slime creature
  4043 | D:6      | Killed a slime creature
  4043 | D:6      | Reached skill level 8 in Shields
  4071 | D:6      | Acquired Okawaru's first power
  4099 | D:6      | Reached XP level 9. HP: 64/78 MP: 8/8
  4364 | D:6      | Found a deep blue altar of Sif Muna.
  4494 | D:6      | Found a staircase to the Ecumenical Temple.
  4782 | D:7      | Noticed ZiggyStardust's ghost (experienced OgEE)
  5102 | D:7      | Reached skill level 9 in Shields
  5629 | D:8      | Found a white marble altar of Elyvilon.
  5724 | D:8      | Found a staircase to the Lair.
  5949 | D:8      | Noticed xeno23's ghost (experienced MfIE)
  6136 | D:8      | Noticed Maurice
  6136 | D:8      | Paralysed by Maurice for 4 turns
  6152 | D:8      | Paralysed by something for 3 turns
  6160 | D:8      | Killed Maurice
  6160 | D:8      | Reached XP level 10. HP: 84/88 MP: 7/9
  6240 | D:8      | Noticed Prince Ribbit
  6679 | D:9      | Reached skill level 10 in Shields
  6936 | D:9      | Noticed a green ugly thing
  6947 | D:9      | Killed a green ugly thing
  6947 | D:9      | Reached skill level 10 in Axes
  7252 | D:10     | Entered Level 10 of the Dungeon
  7316 | D:10     | Noticed nago's ghost (experienced NaWn)
  7361 | D:10     | Killed nago's ghost
  7361 | D:10     | Reached skill level 1 in Invocations
  7417 | D:10     | Reached skill level 11 in Shields
  7560 | D:10     | Noticed a hill giant
  7574 | D:10     | Killed a hill giant
  7915 | D:10     | Reached XP level 11. HP: 61/97 MP: 7/10
  8236 | D:10     | Noticed Snorg
  8261 | D:10     | Killed Snorg
  8844 | D:10     | Killed an unseen horror
  8844 | D:10     | Reached skill level 10 in Armour
  8956 | D:10     | Acquired Okawaru's second power
  9588 | D:11     | Noticed a sun demon
  9589 | D:11     | Reached skill level 10 in Fighting
  9705 | D:11     | Noticed a hill giant
  9719 | D:11     | Killed a hill giant
  9719 | D:11     | Reached skill level 5 in Dodging
  9858 | D:11     | Reached skill level 12 in Shields
 10294 | D:12     | Received a gift from Okawaru
 10302 | D:12     | Found a staircase to the Orcish Mines.
 10331 | D:12     | Got a spiked plate armour
 10347 | D:12     | Identified the +5 plate armour "Astress" {rF++ Str+4} (You found it on level 12 of the Dungeon)
 10432 | D:12     | Reached XP level 12. HP: 79/107 MP: 8/12
 10487 | D:12     | Noticed a hill giant
 10494 | D:12     | Killed a hill giant
 10544 | D:12     | Found Atzeurr's Book Boutique.
 10621 | D:12     | Reached skill level 13 in Axes
 11347 | D:13     | Found a white marble altar of Elyvilon.
 12291 | D:13     | Noticed a centaur warrior
 12305 | D:13     | Killed a centaur warrior
 12321 | D:13     | Reached skill level 14 in Axes
 12326 | D:13     | Noticed a seven-headed hydra
 12333 | D:13     | Killed an eight-headed hydra
 12347 | D:13     | Noticed a five-headed hydra
 12364 | D:13     | Killed a five-headed hydra
 12377 | D:13     | Noticed a fire dragon
 12378 | D:13     | Reached skill level 1 in Maces & Flails
 12398 | D:13     | Killed a fire dragon
 12545 | D:13     | Noticed a stone giant
 12554 | D:13     | Killed a stone giant
 12601 | D:13     | Reached XP level 13. HP: 96/117 MP: 14/14
 12608 | D:13     | Received a gift from Okawaru
 12619 | D:13     | Noticed a centaur warrior
 12629 | D:13     | Killed a centaur warrior
 14001 | D:14     | Found a gate to the Vaults.
 14154 | D:14     | Reached skill level 15 in Axes
 14166 | D:14     | Received a gift from Okawaru
 14800 | D:15     | Entered Level 15 of the Dungeon
 14883 | D:15     | Found a staircase to the Depths.
 15352 | D:15     | Received a gift from Okawaru
 15622 | D:15     | Reached skill level 15 in Shields
 15622 | D:15     | Reached XP level 14. HP: 127/127 MP: 15/15
 16076 | Lair:1   | Entered Level 1 of the Lair of Beasts
 16224 | Lair:1   | Noticed namelastname112's ghost (experienced FeTm)
 16242 | Lair:1   | Killed namelastname112's ghost
 16526 | Lair:1   | Reached skill level 16 in Axes
 18983 | Lair:4   | Noticed Harold
 18994 | Lair:4   | Killed Harold
 20252 | Lair:5   | Received a gift from Okawaru
 20745 | Lair:5   | Noticed Nessos
 20774 | Lair:5   | Killed Nessos
 20774 | Lair:5   | Reached skill level 17 in Axes
 21060 | Lair:6   | Found a staircase to the Slime Pits.
 22030 | Lair:6   | Found a hole to the Spider Nest.
 22292 | Lair:6   | Found a staircase to the Shoals.
 22353 | Lair:7   | Reached XP level 15. HP: 138/138 MP: 16/16
 22498 | Lair:7   | Reached skill level 1 in Stealth
 22846 | Lair:7   | Received a gift from Okawaru
 22850 | Lair:7   | Got a pair of warped gloves {god gift}
 22865 | Lair:7   | Identified the +0 pair of gloves of Inevitability {Contam rPois rCorr SInv} (Okawaru gifted it to you on level 7 of the Lair of Beasts)
 23290 | Lair:8   | Entered Level 8 of the Lair of Beasts
 23661 | Lair:8   | Reached skill level 18 in Axes
 23957 | Lair:8   | Got a smoking buckler
 23968 | Lair:8   | Identified the cursed +0 buckler "Guheudus" {Int+4} (You found it on level 8 of the Lair of Beasts)
 24743 | Orc:1    | Entered Level 1 of the Orcish Mines
 24866 | Orc:1    | Noticed Erica
 24884 | Orc:1    | Killed Erica
 24902 | Orc:1    | Found Lait's Food Shop.
 24945 | Orc:1    | Found Oravvoo's Jewellery Emporium.
 24965 | Orc:1    | Bought the ring of Toexzo {Ice Str+4 Int+3 Dex+3 SInv} for 743 gold pieces
 24965 | Orc:1    | Bought the ring "Cubeoha" {SustAb rElec Int+3 SInv} for 546 gold pieces
 24965 | Orc:1    | Bought an uncursed ring of protection from magic for 325 gold pieces
 24965 | Orc:1    | Bought a +2 ring of evasion for 130 gold pieces
 25466 | Orc:3    | Found a staircase to the Elven Halls.
 25522 | Orc:3    | Found a flagged portal.
 25536 | Bailey   | Entered a bailey
 25812 | Orc:2    | Reached skill level 15 in Fighting
 26057 | Orc:4    | Entered Level 4 of the Orcish Mines
 26069 | Orc:4    | Found a frozen archway.
 26094 | IceCv    | Entered an ice cave
 26203 | IceCv    | Received a gift from Okawaru
 26434 | IceCv    | Reached XP level 16. HP: 134/149 MP: 17/17
 26620 | Orc:4    | Found Monuet's Magic Scroll Shop.
 26640 | Orc:4    | Found Gewnag's General Store.
 26694 | Orc:4    | Bought a scroll of silence for 82 gold pieces
 26694 | Orc:4    | Bought a scroll of blinking for 82 gold pieces
 26694 | Orc:4    | Bought a scroll of fear for 38 gold pieces
 26694 | Orc:4    | Bought a scroll of identify for 22 gold pieces
 26694 | Orc:4    | Bought a scroll of identify for 22 gold pieces
 26749 | Orc:4    | Gained mutation: Your system is resistant to poisons. [a neqoxec]
 26773 | Orc:4    | Received a gift from Okawaru
 26774 | Orc:4    | Got a pair of translucent boots {god gift}
 26825 | Orc:4    | Identified the +2 pair of boots of the Land of Plenty {Stlth+} (Okawaru gifted it to you on level 4 of the Orcish Mines)
 26860 | Orc:4    | Reached skill level 19 in Axes
 27154 | Orc:4    | Found Touhuodd's Gadget Shoppe.
 27154 | Orc:4    | Found Igrozeav's Antique Weapon Emporium.
 27154 | Orc:4    | Found a one-way gate leading to the halls of Pandemonium.
 28882 | Lair:2   | Gained mutation: You are robust (+10% HP). [potion of beneficial mutation]
 28883 | Lair:2   | Gained mutation: You are resistant to hostile enchantments. [potion of beneficial mutation]
 29074 | Shoals:1 | Entered Level 1 of the Shoals
 30174 | Shoals:2 | Received a gift from Okawaru
 30654 | Shoals:3 | Noticed Aizul
 30672 | Shoals:3 | Killed Aizul
 30677 | Shoals:3 | Found Ebesolaa's Antique Weapon Boutique.
 30896 | Shoals:3 | Reached XP level 17. HP: 119/173 MP: 19/19
 31155 | Shoals:3 | Received a gift from Okawaru
 31190 | Shoals:3 | Reached skill level 20 in Axes
 32232 | Shoals:5 | Entered Level 5 of the Shoals
 32319 | Shoals:5 | Noticed Polyphemus
 32331 | Shoals:5 | Received a gift from Okawaru
 32343 | Shoals:5 | Killed Polyphemus
 32385 | Shoals:5 | Reached skill level 5 in Invocations
 32408 | Shoals:5 | Noticed Ilsuiw
 32426 | Shoals:5 | Killed Ilsuiw
 32473 | Shoals:5 | Got a transparent silver amulet
 32475 | Shoals:5 | Identified the amulet of Aluim {Clar rF+ Dex+2} (You found it on level 5 of the Shoals)
 33069 | Shoals:5 | Got a barnacled rune of Zot
 33202 | Shoals:5 | Reached skill level 21 in Axes
 33469 | Shoals:5 | Reached XP level 18. HP: 174/185 MP: 20/20
 33931 | Lair:2   | Upgraded the game from 0.17-a0-755-g4391640 to 0.17-a0-764-gd40c196
 34133 | Spider:1 | Entered Level 1 of the Spider Nest
 35163 | Spider:2 | Received a gift from Okawaru
 35164 | Spider:2 | Got a faintly glowing plate armour {god gift}
 35894 | Spider:3 | Noticed Wiglaf
 35906 | Spider:3 | Killed Wiglaf
 36965 | Spider:4 | Identified the +9 plate armour "Cavojalo" {rElec rN+ MR+ Regen+} (Okawaru gifted it to you on level 2 of the Spider Nest)
 37245 | Spider:4 | Gained mutation: You evolve. [potion of beneficial mutation]
 37315 | Spider:5 | Entered Level 5 of the Spider Nest
 37675 | Spider:5 | Received a gift from Okawaru
 37889 | Spider:4 | Gained mutation: Your body is slowly deteriorating. [evolution]
 38077 | Spider:5 | Reached skill level 22 in Axes
 38207 | Spider:5 | Got a gossamer rune of Zot
 38952 | Elf:1    | Entered Level 1 of the Elven Halls
 39017 | Elf:1    | Noticed Frances
 39026 | Elf:1    | Killed Frances
 39026 | Elf:1    | Reached XP level 19. HP: 194/196 MP: 21/21
 39401 | Elf:1    | Noticed Nikola
 39441 | Elf:1    | Killed Nikola
 39808 | Elf:1    | Received a gift from Okawaru
 39898 | Elf:1    | Got a transparent wooden ring
 40027 | Elf:2    | Found Goroisut's One-of-a-Kind Books.
 40092 | Elf:2    | Identified the ring "Ciavysat" {+Inv rC+ Str-3 Dex+4} (You found it on level 1 of the Elven Halls)
 40174 | Elf:2    | Found a runed gate.
 40175 | Elf:2    | Found a runed gate.
 40176 | Elf:2    | Found a runed gate.
 41097 | Vaults:1 | Entered Level 1 of the Vaults
 41795 | Vaults:1 | Reached skill level 23 in Axes
 41895 | Vaults:1 | Found Owikk's Jewellery Shop.
 41900 | Vaults:1 | Bought a +6 ring of evasion for 1326 gold pieces
 42277 | Vaults:1 | Found a deep blue altar of Sif Muna.
 42365 | Vaults:1 | Received a gift from Okawaru
 42370 | Vaults:1 | Got a crystal hand axe {god gift}
 42604 | Vaults:2 | Noticed Donald
 42628 | Vaults:2 | Killed Donald
 42896 | Vaults:2 | Reached XP level 20. HP: 207/207 MP: 23/23
 43053 | Vaults:2 | Received a gift from Okawaru
 43100 | Vaults:2 | Reached skill level 15 in Armour
 43127 | Vaults:2 | Found a radiant altar of Vehumet.
 43127 | Vaults:2 | Noticed a lich
 43136 | Vaults:2 | Killed a lich
 43288 | Vaults:2 | Found a staircase to the Crypt.
 43699 | Vaults:3 | Found Lymube's Magic Scroll Shop.
 43765 | Vaults:3 | Gained mutation: You possess an exceptional clarity of mind. [potion of beneficial mutation]
 43973 | Vaults:3 | Received a gift from Okawaru
 44277 | Vaults:3 | Received a gift from Okawaru
 44350 | Vaults:3 | Reached skill level 24 in Axes
 45252 | Vaults:4 | Received a gift from Okawaru
 45450 | Vaults:4 | Reached XP level 21. HP: 204/220 MP: 24/24
 45702 | Vaults:4 | Reached skill level 25 in Axes
 45712 | Vaults:4 | Received a gift from Okawaru
 46310 | Vaults:5 | Entered Level 5 of the Vaults
 46417 | Vaults:5 | Received a gift from Okawaru
 46717 | Vaults:5 | Reached skill level 26 in Axes
 46774 | Vaults:5 | Reached XP level 22. HP: 190/232 MP: 22/25
 46855 | Vaults:5 | Lost mutation: Your body is slowly deteriorating. [evolution]
 46996 | Vaults:5 | Got a bound platinum amulet
 46997 | Vaults:5 | Identified the amulet "Husen" {rCorr MR++} (You found it on level 5 of the Vaults)
 47088 | Vaults:5 | Received a gift from Okawaru
 47587 | Vaults:5 | Got a silver rune of Zot
 47856 | Vaults:5 | Received a gift from Okawaru
 47857 | Vaults:5 | Got a slimy morningstar {god gift}
 47858 | Vaults:5 | Identified the +10 morningstar of Bodily Humours {crush, rElec rPois MP+9 Int-2} (Okawaru gifted it to you on level 5 of the Vaults)
 48531 | Depths:1 | Entered Level 1 of the Depths
 49298 | Depths:1 | Found a gateway to Hell.
 49426 | Depths:1 | Found Vuphoc's Weapon Emporium.
 49617 | Depths:1 | Received a gift from Okawaru
 49706 | Depths:2 | Reached skill level 27 in Axes
 50071 | Depths:2 | Reached XP level 23. HP: 242/242 MP: 26/26
 50113 | Depths:2 | Found a roughly hewn altar of Beogh.
 50281 | Depths:2 | Found Ecaeck's Gadget Shoppe.
 50508 | Depths:2 | Found a one-way gate to the infinite horrors of the Abyss.
 50529 | Depths:2 | Received a gift from Okawaru
 51076 | Depths:3 | Received a gift from Okawaru
 51100 | Depths:3 | Found Lageisy's Distillery.
 51169 | Depths:3 | Bought a potion of lignification for 42 gold pieces
 51169 | Depths:3 | Bought a potion of haste for 140 gold pieces
 51169 | Depths:3 | Bought a potion of resistance for 140 gold pieces
 51169 | Depths:3 | Bought a potion of restore abilities for 70 gold pieces
 51169 | Depths:3 | Bought a potion of heal wounds for 70 gold pieces
 51641 | Depths:3 | Found Qexeruv's Distillery.
 51674 | Depths:3 | Bought a potion of curing for 48 gold pieces
 51674 | Depths:3 | Bought a potion of haste for 160 gold pieces
 51674 | Depths:3 | Bought a potion of resistance for 160 gold pieces
 51778 | Depths:3 | Found Radaphon's Distillery.
 51814 | Depths:3 | Bought a potion of curing for 54 gold pieces
 51814 | Depths:3 | Bought a potion of curing for 54 gold pieces
 51814 | Depths:3 | Bought a potion of heal wounds for 90 gold pieces
 52051 | Depths:3 | Found Egiymoo's Distillery.
 52053 | Depths:3 | Found Sugaolics's Antique Weapon Shop.
 52059 | Depths:3 | Bought a potion of resistance for 190 gold pieces
 52059 | Depths:3 | Bought a potion of haste for 190 gold pieces
 52393 | Depths:4 | Found a basalt altar of Yredelemnul.
 52393 | Depths:4 | Found a bloodstained altar of Trog.
 52393 | Depths:4 | Found a burning altar of Makhleb.
 52547 | Depths:4 | Received a gift from Okawaru
 52676 | Depths:4 | Reached XP level 24. HP: 169/256 MP: 24/26
 53420 | Depths:4 | Gained mutation: You have a pair of large horns on your head. [evolution]
 53454 | Depths:4 | Received a gift from Okawaru
 53716 | Depths:5 | Entered Level 5 of the Depths
 53755 | Depths:5 | Found a portal to a secret trove of treasure.
 54455 | D:8      | Killed xeno23's ghost
 54765 | Elf:3    | Entered Level 3 of the Elven Halls
 55367 | Elf:3    | Reached skill level 27 in Shields
 55404 | Elf:3    | Received a gift from Okawaru
 55716 | Elf:3    | Got a heavily runed bronze ring
 56274 | Slime:1  | Entered Level 1 of the Pits of Slime
 56277 | Slime:1  | Reached XP level 25. HP: 271/271 MP: 27/27
 56944 | Slime:2  | Gained mutation: Your magical capacity is low (-10% MP). [a shining eye]
 56947 | Slime:2  | Gained mutation: Armour fits poorly on your strangely shaped body. [a shining eye]
 57120 | Slime:3  | Gained mutation: You expend magic power (3 MP) to strengthen your wands. [a shining eye]
 57122 | Slime:3  | Gained mutation: You occasionally shout uncontrollably at your foes. [a shining eye]
 57401 | Slime:5  | Found a viscous altar of Jiyva.
 57807 | Slime:5  | Gained mutation: You are clumsy. (Dex -2) [a shining eye]
 57895 | Slime:5  | Received a gift from Okawaru
 58192 | Slime:6  | Entered Level 6 of the Pits of Slime
 58298 | Slime:6  | Noticed the royal jelly
 58709 | Slime:5  | Gained mutation: You are weak. (Str -2) [a shining eye]
 58711 | Slime:5  | Gained mutation: Your magical capacity is very low (-20% MP). [a shining eye]
 58994 | Slime:6  | Killed the royal jelly
 59134 | Slime:6  | Lost mutation: You are robust (+10% HP). [a shining eye]
 59136 | Slime:6  | Gained mutation: You are occasionally teleported to nearby monsters. [a shining eye]
 59137 | Slime:6  | Gained mutation: Potions and wands are less effective at restoring your health. [a shining eye]
 59270 | Slime:6  | Identified a scroll of acquirement
 59840 | Slime:6  | Got a pitted broad axe
 59841 | Slime:6  | Identified the +4 broad axe of Xaym {vamp, rPois rC+ Str+5 Dex-4} (You acquired it on level 6 of the Pits of Slime)
 59933 | Slime:6  | Got a transparent plate armour
 59934 | Slime:6  | Identified the +7 plate armour of Ciloaffa {rElec rCorr} (You found it on level 6 of the Pits of Slime)
 59936 | Slime:6  | Identified the ring of Pantheism {SustAb rF- rC++ Str+7} (You took it off a deep elf high priest on level 3 of the Elven Halls)
 59946 | Slime:6  | Got a heavily runed tin ring
 59947 | Slime:6  | Identified the ring of Spring {rC- Str+2 Int+2 Stlth+} (You found it on level 6 of the Pits of Slime)
 59954 | Slime:6  | Got a slimy rune of Zot
 59979 | Slime:6  | Gained mutation: You are very clumsy. (Dex -4) [a shining eye]
 59982 | Slime:6  | Gained mutation: Your body is slowly deteriorating. [a shining eye]
 60925 | Depths:4 | Reached skill level 1 in Evocations
 61019 | Depths:5 | Received a gift from Okawaru
 61035 | Depths:5 | Got a pair of encrusted gloves {god gift}
 61036 | Depths:5 | Identified the +0 pair of gloves of Misosmuch {Int+3} (Okawaru gifted it to you on level 5 of the Depths)
 61082 | Depths:5 | Found a gateway to a ziggurat.
 61195 | Depths:5 | Found a gate to the Realm of Zot.
 61251 | Depths:5 | Found Siudeapt's Book Boutique.
 61347 | Depths:5 | Reached skill level 27 in Fighting
 61701 | Depths:4 | Voluntarily entered the Abyss.
 61899 | Abyss:1  | Reached XP level 26. HP: 262/264 MP: 22/22
 62045 | Abyss:1  | Reached skill level 10 in Dodging
 63017 | Abyss:1  | Noticed an ancient lich
 63030 | Abyss:1  | Killed an ancient lich
 63428 | Abyss:1  | Received a gift from Okawaru
 63438 | Abyss:1  | Lost mutation: Armour fits poorly on your strangely shaped body. [potion of cure mutation]
 63438 | Abyss:1  | Lost mutation: Your body is deteriorating. [potion of cure mutation]
 63438 | Abyss:1  | Lost mutation: You have a pair of large horns on your head. [potion of cure mutation]
 63438 | Abyss:1  | Lost mutation: You evolve. [potion of cure mutation]
 63750 | Abyss:1  | Reached skill level 10 in Invocations
 63913 | Abyss:1  | Gained mutation: Your body is slowly deteriorating. [a neqoxec]
 64052 | Abyss:1  | Found a corrupted altar of Lugonu.
 64246 | Abyss:1  | Paralysed by accursed screaming for 2 turns
 64501 | Abyss:1  | Lost intelligence.
 64656 | Depths:4 | Escaped the Abyss
 64712 | Depths:5 | You paid a toll of a +5 fire dragon armour to enter a treasure trove
 64713 | Trove    | Entered a treasure trove
 64859 | Zot:1    | Entered Level 1 of the Realm of Zot
 65062 | Zot:1    | Noticed an orb of fire
 65082 | Zot:1    | Noticed an orb of fire
 65102 | Zot:1    | Noticed an orb of fire
 65298 | Zot:1    | Killed an orb of fire
 65348 | Zot:1    | Killed an orb of fire
 65555 | Zot:1    | Killed an orb of fire
 65718 | Zot:1    | Received a gift from Okawaru
 66859 | D:8      | Killed Prince Ribbit
 66910 | Lair:2   | Lost mutation: You expend magic power (3 MP) to strengthen your wands. [potion of cure mutation]
 66910 | Lair:2   | Lost mutation: You occasionally shout uncontrollably at your foes. [potion of cure mutation]
 66910 | Lair:2   | Lost mutation: Your system is resistant to poisons. [potion of cure mutation]
 67594 | Zot:2    | Reached XP level 27. HP: 232/273 MP: 24/24
 68855 | Zot:3    | Got a blackened shield
 68866 | Zot:3    | Identified the +0 shield "Kyos" {rElec rN+ Dex+2} (You acquired it on level 3 of the Realm of Zot)
 68919 | Zot:3    | Got a slimy jade ring
 68920 | Zot:3    | Identified the ring of the Sun {Ice Int+5 Slay+3} (You found it on level 3 of the Realm of Zot)
 69058 | Zot:3    | Received a gift from Okawaru
 69503 | Zot:4    | Found a shimmering altar of Xom.
 69510 | Zot:4    | Found a shimmering altar of Xom.
 69531 | Zot:4    | Found a radiant altar of Vehumet.
 70098 | Zot:4    | Reached skill level 5 in Stealth
 70531 | Zot:5    | Entered Level 5 of the Realm of Zot
 71071 | Zot:5    | Received a gift from Okawaru
 71186 | Zot:5    | Noticed an orb of fire
 71668 | Zot:5    | Reached skill level 15 in Dodging
 72095 | Zot:5    | Noticed an ancient lich
 72279 | Zot:5    | Noticed an ancient lich
 72300 | Zot:5    | Killed an ancient lich
 72308 | Zot:5    | Noticed an ancient lich
 72330 | Zot:5    | Killed an ancient lich
 72393 | Zot:5    | Killed an ancient lich
 72403 | Zot:5    | Noticed an orb of fire
 73033 | Zot:4    | Reached skill level 15 in Invocations
 73194 | Zot:4    | Killed an orb of fire
 73268 | Zot:5    | Noticed an orb of fire
 73284 | Zot:5    | Killed an orb of fire
 73404 | Zot:5    | Noticed an orb of fire
 73414 | Zot:5    | Gained mutation: Scrolls take you a little longer to read. [an orb of fire]
 73428 | Zot:5    | Killed an orb of fire
 73521 | Zot:5    | Received a gift from Okawaru
 73603 | Zot:5    | Killed an orb of fire
 74448 | Depths:5 | Bought a book of Spatial Translocations for 910 gold pieces
 74450 | Depths:5 | Learned a level 1 spell: Apportation
 75219 | Zot:5    | Got the Orb of Zot
 75378 | Zot:4    | Noticed Jiohir the pandemonium lord
 75692 | D:10     | Noticed Reeciown the pandemonium lord
 75914 | D:$      | Escaped with the Orb!

Action                   |  1- 3 |  4- 6 |  7- 9 | 10-12 | 13-15 | 16-18 | 19-21 | 22-24 | 25-27 || total
-------------------------+-------+-------+-------+-------+-------+-------+-------+-------+-------++-------
Melee: War axe           |   119 |   126 |   516 |   548 |       |       |       |       |       ||  1309
       Broad axe         |       |       |       |   225 |  1581 |  1656 |  1381 |  1463 |  2283 ||  8589
       Morningstar       |       |       |       |    33 |    27 |       |       |       |       ||    60
Invok: Heroism           |       |       |     2 |    12 |     5 |     9 |     7 |     8 |    27 ||    70
       Finesse           |       |       |       |     3 |     1 |     6 |     5 |     5 |    10 ||    30
 Abil: Evoke Flight      |       |       |       |       |     5 |       |       |       |       ||     5
Evoke: Lamp of fire      |       |       |       |     1 |       |       |       |       |       ||     1
       Wand              |       |       |       |       |       |       |       |       |     4 ||     4
  Use: Scroll            |     1 |       |     8 |     9 |    27 |     8 |     7 |    16 |    25 ||   101
       Potion            |       |       |       |       |     2 |    14 |     4 |     4 |    32 ||    56
 Stab: Fleeing           |       |       |       |       |     2 |       |       |       |       ||     2
       Held in net/web   |       |       |       |       |       |     3 |       |       |       ||     3
       Distracted        |       |       |       |       |       |     1 |       |     2 |     1 ||     4
       Petrifying        |       |       |       |       |       |       |       |     1 |       ||     1
       Confused          |       |       |       |       |       |       |       |       |     2 ||     2
  Eat: Chunk             |     2 |     4 |    12 |    18 |    20 |    22 |    23 |    14 |     8 ||   123
       Pizza             |       |       |       |     2 |     1 |     2 |       |     4 |     2 ||    11
       Royal jelly       |       |       |       |     1 |     1 |     2 |     1 |       |       ||     5
       Meat ration       |       |       |       |       |     2 |       |       |       |    12 ||    14
       Fruit             |       |       |       |       |    21 |     6 |       |    10 |     3 ||    40
       Bread ration      |       |       |       |       |     1 |       |       |       |       ||     1
       Beef jerky        |       |       |       |       |       |     8 |     1 |     5 |     3 ||    17
